 Dungeon Crawl Stone Soup version 0.16-a0-3661-g910cf96 (console) character file.

293 MrRokkomies the Insei (level 6, -7/43 HPs)
             Began as an Octopode Transmuter on Jan 17, 2015.
             Mangled by a gnoll
             ... wielding a +0 flail
              (15 damage)
             ... on level 4 of the Dungeon.
             The game lasted 00:13:06 (3751 turns).

MrRokkomies the Insei (Octopode Transmuter)         Turns: 3751, Time: 00:13:06

Health: -7/43      AC:  1    Str:  9    XL:     6   Next: 33%
Magic:  10/10      EV: 12    Int: 17    God:
Gold:   100        SH:  0    Dex: 13    Spells: 2 memorised, 5 levels left

rFire  . . .     SeeInvis .       - Unarmed
rCold  . . .     Clarity  +     (no shield)
rNeg   . . .     SustAb   .     (helmet restricted)
rPois  .         Gourm    .     c - amulet of clarity
rElec  .         Spirit   .     (no ring)
rCorr  .         Warding  .     (no ring)
rMut   .         Stasis   .     (no ring)
MR     .....                    (no ring)
Stlth  +++.......               (no ring)
                                (no ring)
                                (no ring)
                                (no ring)

@: appendage (expiring), not resistant to hostile enchantments, fairly stealthy
A: almost no armour, amphibious, 8 rings, constrict 8, tentacle spike 3,
camouflage 1, gelatinous body 1
a: End Transformation


You were on level 4 of the Dungeon.
You were hungry.
One of your tentacles had a temporary spike.
You visited 1 branch of the dungeon, and saw 4 of its levels.

You collected 100 gold pieces.

Inventory:

Hand weapons
 b - a +1 hunting sling
Missiles
 g - 18 stones (quivered)
 m - 14 poisoned sling bullets
 n - 100 arrows
Jewellery
 c - an amulet of clarity (around mantle)
 s - an uncursed ring of teleportation
Scrolls
 p - 2 scrolls of immolation
Potions
 e - a potion of cancellation
 f - 2 potions of brilliance
 h - 2 potions of invisibility
 i - a potion of agility {unknown}
 j - 3 potions of curing
 k - a potion of flight {unknown}
 l - a potion of haste {unknown}
 o - 2 potions of might
 q - a potion of ambrosia {unknown}
Books
 d - a book of Changes

   Spells                             Type                      Level
   a - Beastly Appendage              Transmutation                1
   b - Sticks to Snakes               Transmutation                2
   c - Spider Form                    Transmutation/Poison         3
   d - Ice Form                       Ice/Transmutation            4
   e - Blade Hands                    Transmutation                5
Comestibles
 a - 3 bread rations
 r - a meat ration


   Skills:
 * Level 4.1 Fighting
 - Level 2.0 Dodging
 + Level 3.2 Stealth
 * Level 4.8 Unarmed Combat
 - Level 2.0 Spellcasting
 - Level 2.0 Transmutations


You had 5 spell levels left.
You knew the following spells:

 Your Spells              Type           Power        Failure   Level  Hunger
a - Beastly Appendage     Trmt           #.....       10%         1    #......
b - Spider Form           Trmt/Pois      #.........   38%         3    ###....


Dungeon Overview and Level Annotations

Branches:
Dungeon (4/15)
 Temple: D:4-7

Altars:


Innate Abilities, Weirdness & Mutations

You cannot wear most types of armour.
You are amphibious.
You can wear up to eight rings at the same time.
You can use your tentacles to constrict many enemies at once.
Your skin changes colour to match your surroundings (Stealth).
Your rubbery body absorbs attacks (AC +1).
One of your tentacles bears a large vicious spike.


Message History

You tentacle-slap the gnoll but do no damage.
Your grab misses the gnoll.
The gnoll is moderately wounded.
You closely miss the gnoll. Your grab misses the gnoll.
Your tentacle spike misses the gnoll.
The gnoll is moderately wounded.
Your transformation is almost over.
The gnoll hits you with a flail.
You tentacle-slap the gnoll. Your grab misses the gnoll.
The gnoll is severely wounded.
The gnoll hits you with a flail.
You tentacle-slap the gnoll. Your grab misses the gnoll.
The gnoll is almost dead.
The gnoll hits you with a flail!
* * * LOW HITPOINT WARNING * * *
You are too injured to fight recklessly!
You barely miss the gnoll. Your grab misses the gnoll.
The gnoll is almost dead.
The gnoll hits you with a flail!
You die...

.... .........!
.......... .
#..........
..###?..........
....#...(........ ##
#............... ..##
#............# #....#
#...)@g.....# .....#
#.).#####..##
......## #..##
........# #..##
###......###...#
.....#....#..#[.....#
........#...####....#
#...###....## ##...
#..## ###)## ..


You could see a gnoll.

Vanquished Creatures
  An orc priest (D:3)
  An orc wizard (D:3)
  Terence (D:2)
  7 adders
  6 gnolls
  A giant mite (D:1)
  3 worms
  An ooze (D:3)
  5 orcs (D:3)
  2 ball pythons
  6 bats
  6 hobgoblins
  10 kobolds
  A quokka (D:4)
  2 giant cockroaches
  4 giant newts
  14 goblins
  6 jackals
  10 rats
87 creatures vanquished.

Notes
Turn   | Place    | Note
--------------------------------------------------------------
     0 | D:1      | MrRokkomies, the Octopode Transmuter, began the quest for the Orb.
     0 | D:1      | Reached XP level 1. HP: 13/13 MP: 3/3
    62 | D:1      | Reached skill level 1 in Stealth
    62 | D:1      | Reached XP level 2. HP: 13/19 MP: 2/4
   396 | D:1      | Reached XP level 3. HP: 22/24 MP: 4/6
   927 | D:2      | Learned a level 3 spell: Spider Form
   993 | D:2      | Noticed Terence
  1003 | D:2      | Killed Terence
  1003 | D:2      | Reached XP level 4. HP: 20/30 MP: 3/7
  1235 | D:2      | Reached skill level 4 in Unarmed Combat
  1892 | D:1      | Reached XP level 5. HP: 15/36 MP: 7/9
  2984 | D:3      | Reached XP level 6. HP: 29/43 MP: 6/10
  3751 | D:4      | Mangled by a gnoll

Action                   |  1- 3 |  4- 6 || total
-------------------------+-------+-------++-------
Melee: Unarmed           |    59 |   158 ||   217
 Fire: Hunting sling     |       |     9 ||     9
Throw: Stone             |       |    22 ||    22
 Cast: Beastly Appendage |     4 |     9 ||    13
       Spider Form       |     1 |     3 ||     4
  Use: Scroll            |     1 |    10 ||    11
       Potion            |       |     1 ||     1
 Stab: Sleeping          |     5 |     4 ||     9
  Eat: Chunk             |       |     9 ||     9
